 Dungeon Crawl Stone Soup version 0.30-a0-1116-gebefce21f7 (webtiles) character file.

Game seed: 17455060838308127177

36 retardedninja the Firebug (level 3, -4/25 HPs)
             Began as a Gnoll Fire Elementalist on Apr 21, 2023.
             Slain by Sigmund
             ... wielding a +0 scythe
              (12 damage)
             ... on level 2 of the Dungeon.
             The game lasted 00:02:17 (2107 turns).

retardedninja the Firebug (Gnoll Fire Elementalist) Turns: 2107, Time: 00:02:18

Health: -4/25      AC:  2    Str: 15    XL:     3   Next: 37%
Magic:  8/9        EV: 13    Int: 18    God:
Gold:   105        SH:  0    Dex: 10    Spells: 11/12 levels left

rFire   + + .      SeeInvis .    c - staff of fire
rCold   . . .      Faith    .    (no shield)
rNeg    . . .      Spirit   .    a - +0 robe
rPois   .          Reflect  .    (no helmet)
rElec   .          Rampage  .    (no cloak)
rCorr   .                        (no gloves)
Will    .....                    (no boots)
Stlth   ++                       (no amulet)
HPRegen 0.24/turn                f - +6 ring of intelligence
MPRegen 0.11/turn                h - ring of protection from fire

@: flying
A: fangs 1, strong nose, distributed training, dopey 1, strong 2
a: no special abilities


You were on level 2 of the Dungeon.
You visited 1 branch of the dungeon, and saw 2 of its levels.

You collected 105 gold pieces.

Inventory:

Armour
 a - a +0 robe (worn)
 g - a +0 helmet
Magical Staves
 c - a staff of fire (weapon)
Jewellery
 f - a +6 ring of intelligence (left hand)
 h - a ring of protection from fire (right hand)
 l - a ring of poison resistance
Wands
 j - a wand of mindburst (5)
Scrolls
 d - a scroll of teleportation {unknown}
 k - a scroll of enchant weapon {unknown}
Potions
 b - a potion of magic


   Skills:
 + Level 0.8 Fighting
 + Level 0.8 Short Blades
 + Level 0.8 Long Blades
 + Level 0.8 Axes
 + Level 0.8 Maces & Flails
 + Level 0.8 Polearms
 + Level 0.8 Staves
 + Level 0.8 Ranged Weapons
 + Level 0.8 Throwing
 + Level 0.8 Armour
 + Level 4.5 Dodging
 + Level 4.1 Stealth
 + Level 0.8 Shields
 + Level 0.8 Unarmed Combat
 + Level 5.0 Spellcasting
 + Level 2.1 Conjurations
 + Level 0.5 Hexes
 + Level 0.5 Summonings
 + Level 0.5 Necromancy
 + Level 0.5 Translocations
 + Level 0.5 Transmutations
 + Level 5.4 Fire Magic
 + Level 0.5 Ice Magic
 + Level 0.5 Air Magic
 + Level 0.5 Earth Magic
 + Level 0.5 Poison Magic
 + Level 1.0 Invocations
 + Level 0.8 Evocations


You had 11 spell levels left.
You knew the following spells:

 Your Spells              Type           Power      Damage    Failure   Level
a - Foxfire               Conj/Fire      100%       2x1d9     2%          1

Your spell library contained the following spells:

 Spells                   Type           Power      Damage    Failure   Level
 Scorch                   Fire           72%        2d8       2%          2
 Inner Flame              Hex/Fire       22%        N/A       12%         3
 Volatile Blastmotes      Fire/Tloc      44%        2d13      12%         3
 Flame Wave               Conj/Fire      27%        2d9       28%         4
 Leda's Liquefaction      Hex/Erth       3%         N/A       71%         4
 Lee's Rapid Deconstruct  Erth           3%         3d5*      96%         5
 Statue Form              Tmut/Erth      4%         N/A       100%        6


Dungeon Overview and Level Annotations

Branches:
Dungeon (2/15)

Altars:

Shops:
D:2 !=

Annotations:
D:2 Sigmund


Innate Abilities, Weirdness & Mutations

You have very sharp teeth.
Your uncanny sense of smell can sniff out nearby items.
Your experience applies equally to all skills.
You are dopey. (Int -2)
Your muscles are very strong. (Str +8, Int/Dex -2)


Message History

Your foxfire dissipates! x2
Found a stone staircase leading up.
l - a ring of poison resistance Key pressed, stopping explore.
Things that are here:
a +0 short sword; 2 stones; a kobold corpse
There is a stone staircase leading down here.
Sigmund the Dreaded comes into view.
He is wielding a +0 scythe and wearing a +2 robe of the Archmagi.
Found 6 gold pieces.
Sigmund is nearby!
Sigmund is nearby!
Sigmund is nearby!
You feel a surge of power!
You conjure some foxfire!
Sigmund shouts!
The foxfire hits Sigmund!
Sigmund is moderately wounded.
Sigmund gestures at you while chanting. The puff of flame hits you. You resist.
Memorise Scorch, consuming 2 spell levels and leaving 9?
Sigmund mumbles some strange words.
Sigmund flickers and vanishes!
Deactivating autopickup; reactivate with Ctrl-A.
You start memorising the spell.
You continue memorising.
Your foxfire dissipates!
You continue memorising.
Something hits you.
Your memorisation is interrupted.
There is a stone staircase leading down here.
You feel a surge of power!
You conjure some foxfire!
Something hits you.
You are too injured to fight recklessly!
The foxfire hits something.
The foxfire hits something but does no damage.
Something hits you!
* * * LOW HITPOINT WARNING * * *
Unknown command.
It was a potion of mutation.
You feel extremely strange.
You feel stupid.
You feel stronger. x2
It was a potion of flight.
You feel very buoyant.
You fly up into the air.
Something hits you!
You die...

...##........#...#.#
#####........#.###.###
#........#.......##
#........###)#....#
#........<##..(...#
############...#..###
###.#.#....#
##############.......##.#
..............(.@.>#....#
...###########.###{..####
...#### #.# #.### ......#
### #.# #####.##### #.#
#.....## #.# ##.##..# #.#
#.##..# #.# ###....####
#.#


There were no monsters in sight!

Vanquished Creatures
  2 ball pythons (D:2)
  4 endoplasms
  A giant cockroach (D:2)
  2 goblins
  2 hobgoblins (D:1)
  4 jackals (D:1)
  4 quokkas
  5 bats
  A frilled lizard (D:1)
  3 kobolds (D:2)
  4 rats (D:1)
32 creatures vanquished.

Vanquished Creatures (others)
  164 foxfires
164 creatures vanquished.

Grand Total: 196 creatures vanquished

Notes
Turn   | Place    | Note
-------+----------+-------------------------------------------
     0 | D:1      | retardedninja the Gnoll Fire Elementalist began the quest
                  | for the Orb.
     0 | D:1      | Reached XP level 1. HP: 13/13 MP: 6/6
   119 | D:1      | Reached XP level 2. HP: 13/19 MP: 0/7
   373 | D:1      | HP: 1/20 [quokka (4)]
  1353 | D:2      | Reached skill level 5 in Spellcasting
  1353 | D:2      | Reached XP level 3. HP: 25/25 MP: 6/9
  1437 | D:2      | Found Xiropryu's Jewellery Emporium.
  1836 | D:2      | Found Ryjostre's Distillery.
  1965 | D:2      | Reached skill level 1 in Invocations
  2085 | D:2      | Noticed Sigmund
  2106 | D:2      | Gained mutation: You are dopey. (Int -2) [potion of
                  | mutation]
  2106 | D:2      | Gained mutation: Your muscles are strong. (Str +4, Int/Dex
                  | -1) [potion of mutation]
  2106 | D:2      | Gained mutation: Your muscles are very strong. (Str +8,
                  | Int/Dex -2) [potion of mutation]
  2107 | D:2      | Slain by Sigmund

Illustrated notes

Levels and vault maps discovered:
D:1:      minmay_arrival_wavy_path, layout_loops_ring
D:2:      layout_basic, serial_shops, nicolae_square_shop,
          nicolae_shop_real_fake_doors, shop, grunt_ministairs_15,
          uniq_crazy_yiuf_cottage, uniq_sigmund

Skill      XL: |  1  2  3 |
---------------+----------+-----
Conjurations   | 2 |  2.1
Spellcasting   | 5 |  5.0
Invocations    | 1 |  1.0
Fighting       | |  0.8
Short Blades   | |  0.8
Long Blades    | |  0.8
Axes           | |  0.8
Maces & Flails | |  0.8
Polearms       | |  0.8
Staves         | |  0.8
Ranged Weapons | |  0.8
Throwing       | |  0.8
Armour         | |  0.8
Dodging        | |  4.5
Stealth        | |  4.1
Shields        | |  0.8
Unarmed Combat | |  0.8
Hexes          | |  0.5
Summonings     | |  0.5
Necromancy     | |  0.5
Translocations | |  0.5
Transmutations | |  0.5
Fire Magic     | |  5.4
Ice Magic      | |  0.5
Air Magic      | |  0.5
Earth Magic    | |  0.5
Poison Magic   | |  0.5
Evocations     | |  0.8

Action                     || total
---------------------------++-------
   Cast: Foxfire           ||   108
    Use: Potion            ||     2
 Armour: Robe              ||     7
  Dodge: Dodged            ||    18

Table legend: (Time is in decaauts)
 A = Elapsed time spent in this place.
 B = Non-inter-level travel time spent in this place.
 C = Inter-level travel time spent in this place.
 D = Time resting spent in this place.
 E = Time spent auto-exploring this place.
 F = Levels seen in this place.
 G = Mean time per level.
                   A        B        C        D        E       F      G
               +--------+--------+--------+--------+--------+-----+--------+
         Total |   2105 |   2074 |     31 |    173 |   1568 |   2 | 1052.5 |
       Dungeon |   2105 |   2074 |     31 |    173 |   1568 |   2 | 1052.5 |
               +--------+--------+--------+--------+--------+-----+--------+

Top non-repeatable levels by time:
     D:1: 1293 daAuts
     D:2: 811 daAuts
